 Dungeon Crawl Stone Soup version 0.30-a0-778-g2ef04afb54 (console) character file.

Game seed: 10279211511360212028

21 Ignak the Ogre Mage (level 2, 0/26 HPs)
             Began as an Ogre Hedge Wizard on Feb 16, 2023.
             Slain by a hobgoblin (2 damage)
             ... on level 1 of the Dungeon.
             The game lasted 00:02:30 (530 turns).

Ignak the Ogre Mage (Ogre Hedge Wizard)              Turns: 530, Time: 00:02:31

Health: 0/26       AC:  3    Str: 13    XL:     2   Next: 83%
Magic:  0/6        EV:  8    Int: 15    God:
Gold:   27         SH:  5    Dex:  8    Spells: 3/8 levels left

rFire   . . .      SeeInvis .    f - +2 dagger (drain)
rCold   . . .      Faith    .    k - +0 kite shield
rNeg    . . .      Spirit   .    b - +0 robe
rPois   .          Reflect  .    c - +0 hat
rElec   .          Harm     .    (no cloak)
rCorr   .          Rampage  .    (gloves unavailable)
Will    .....                    (boots unavailable)
Stlth   +                        (no amulet)
HPRegen 0.24/turn                (no ring)
MPRegen 0.10/turn                (no ring)

@: very slightly contaminated
A: large, unfitting armour, tough skin 1
a: no special abilities


You were on level 1 of the Dungeon.
You visited 1 branch of the dungeon, and saw 1 of its levels.

You collected 27 gold pieces.

Inventory:

Hand Weapons
 e - a +0 quarterstaff
 f - a +2 dagger of draining (weapon)
 j - a +0 mace
Armour
 b - a +0 robe (worn)
 c - a +0 hat (worn)
 k - a +0 kite shield (worn)
Scrolls
 a - a scroll of identify {unknown}
Potions
 d - a potion of magic
 g - a potion of attraction {unknown}
 h - a potion of cancellation {unknown}
 i - a potion of resistance {unknown}


   Skills:
 + Level 0.9 Fighting
 * Level 0.2 Maces & Flails
 + Level 0.4 Armour
 + Level 2.0 Dodging
 - Level 1.4 Stealth
 * Level 0.0 Shields
 + Level 3.8 Spellcasting
 + Level 1.2 Conjurations
 - Level 0.8 Summonings
 + Level 1.1 Translocations


You had 3 spell levels left.
You knew the following spells:

 Your Spells              Type           Power      Damage    Failure   Level
a - Magic Dart            Conj           24%        1d4       30%         1
b - Blink                 Tloc           12%        N/A       43%         2
e - Call Imp              Summ           5%         N/A       47%         2

Your spell library contained the following spells:

 Spells                   Type           Power      Damage    Failure   Level
 Slow                     Hex            8%         N/A       45%         1
 Cigotuvi's Dreadful Rot  Necr/Pois/Air  4%         N/A       58%         2
 Mephitic Cloud           Conj/Pois/Air  4%         N/A       77%         3


Dungeon Overview and Level Annotations

Branches:
Dungeon (1/15)

Altars:


Innate Abilities, Weirdness & Mutations

You are too large for most types of armour.
You have tough skin. (AC +1)


Message History

The quokka bites you. x2
You miss the quokka. The quokka bites you.
You hit the quokka. You drain the quokka.
The quokka is severely wounded.
You block the quokka's attack.
You hit the quokka.
The quokka is almost dead.
The quokka bites you. x2
You barely miss the quokka.
The quokka is almost dead.
The quokka bites you.
Casting: Call Imp (quite dangerous; 47% risk of failure)
Confirm with . or Enter, or press ? or * to list all spells.
The spell is quite dangerous to miscast (47% risk of failure)!
Continue anyway?
Okay, then.
Casting: Call Imp (quite dangerous; 47% risk of failure)
Confirm with . or Enter, or press ? or * to list all spells.
The spell is quite dangerous to miscast (47% risk of failure)!
Continue anyway?
You miscast Call Imp.
You are very lightly contaminated with residual magic.
Nothing appears to happen.
The quokka closely misses you. The hobgoblin hits you.
* * * LOW HITPOINT WARNING * * *
Casting: Call Imp (quite dangerous; 47% risk of failure)
Confirm with . or Enter, or press ? or * to list all spells.
The spell is quite dangerous to miscast (47% risk of failure)!
Continue anyway?
You miscast Call Imp.
Nothing appears to happen.
The quokka bites you.
* * * LOW HITPOINT WARNING * * *
The hobgoblin hits you.
* * * LOW HITPOINT WARNING * * *
The quokka barely misses you.
Casting: Call Imp (quite dangerous; 47% risk of failure)
Confirm with . or Enter, or press ? or * to list all spells.
The spell is quite dangerous to miscast (47% risk of failure)!
Continue anyway?
You miscast Call Imp.
Nothing appears to happen.
You block the hobgoblin's attack. The quokka barely misses you.
You barely miss the quokka.
The quokka is almost dead.
The quokka barely misses you. The hobgoblin hits you.
You die...

..# #......#.##
.#########
#.#.#....#.
.........# #
#........
..........#
#........
.......$.#
.##.......
.........#
.##.......
.........#
#.#####.###
.........#####.#
#....#
......r@.......#
#....#
......g......).#
#....#
$..............#
#....#
.######........#
#....#
#........####....#
#................#
#......).#####....
#.........# #....
#####.....# #....


You could see a quokka (very drained) and a hobgoblin.

Vanquished Creatures
  A dart slug (D:1)
  A ball python (D:1)
  An endoplasm (D:1)
  3 goblins (D:1)
  2 hobgoblins (D:1)
  2 quokkas (D:1)
  A bat (D:1)
  A frilled lizard (D:1)
  4 kobolds (D:1)
16 creatures vanquished.

Vanquished Creatures (collateral kills)
  An endoplasm (D:1)
1 creature vanquished.

Vanquished Creatures (others)
  A plant (D:1)
1 creature vanquished.

Grand Total: 18 creatures vanquished

Notes
Turn   | Place    | Note
-------+----------+-------------------------------------------
     0 | D:1      | Ignak the Ogre Hedge Wizard began the quest for the Orb.
     0 | D:1      | Reached XP level 1. HP: 16/16 MP: 5/5
    23 | D:1      | Reached skill level 1 in Conjurations
    23 | D:1      | Reached skill level 1 in Translocations
    99 | D:1      | Reached XP level 2. HP: 20/26 MP: 0/6
   183 | D:1      | Found a faded altar of an unknown god.
   211 | D:1      | Learned a level 2 spell: Blink
   214 | D:1      | Learned a level 2 spell: Call Imp
   530 | D:1      | Slain by a hobgoblin

Illustrated notes

Levels and vault maps discovered:
D:1:      dpeg_arrival_rhombus, layout_basic, shapermc_ecumenical_altar_gd

Skill      XL: |  1  2 |
---------------+-------+-----
Conjurations   | 1 |  1.2
Translocations | 1 |  1.1
Dodging        | 2 |  2.0
Fighting       | |  0.9
Maces & Flails | |  0.2
Armour         | |  0.4
Stealth        | |  1.4
Spellcasting   | |  3.8
Summonings     | |  0.8

Action                     || total
---------------------------++-------
  Melee: Dagger            ||    51
   Cast: Magic Dart        ||     9
         Call Imp          ||     1
   Stab: Sleeping          ||     1
 Armour: Robe              ||     9
  Dodge: Dodged            ||    35
  Block: Kite shield       ||     2

Table legend: (Time is in decaauts)
 A = Elapsed time spent in this place.
 B = Non-inter-level travel time spent in this place.
 C = Inter-level travel time spent in this place.
 D = Time resting spent in this place.
 E = Time spent auto-exploring this place.
 F = Levels seen in this place.
 G = Mean time per level.
                   A        B        C        D        E       F      G
               +--------+--------+--------+--------+--------+-----+--------+
         Total |    530 |    530 |      0 |      0 |    297 |   1 |  530.0 |
       Dungeon |    530 |    530 |      0 |      0 |    297 |   1 |  530.0 |
               +--------+--------+--------+--------+--------+-----+--------+

Top non-repeatable levels by time:
     D:1: 530 daAuts
